 Dungeon Crawl Stone Soup version 0.21.0 (webtiles) character file.

111 theswoord the Skirmisher (level 4, -8/30 HPs)
             Began as a Gargoyle Abyssal Knight on Jan 7, 2018.
             Was a Priest of Lugonu.
             Mangled by CasualChangeling's ghost (9 damage)
             ... on level 3 of the Dungeon.
             The game lasted 00:05:31 (2215 turns).

theswoord the Skirmisher (Gargoyle Abyssal Knight)  Turns: 2215, Time: 00:05:32

Health: -8/30      AC:  9    Str: 20    XL:     4   Next: 92%
Magic:  5/5        EV:  7    Int: 13    God:    Lugonu [***...]
Gold:   49         SH:  7    Dex: 10    Spells: 3/3 levels left

rFire    . . .     SeeInvis .   a - +1 mace
rCold    . . .     Gourm    .   n - +0 shield
rNeg     + . .     Faith    .   i - +0 ring mail
rPois    ∞         Spirit   .   (no helmet)
rElec    +         Reflect  .   (no cloak)
rCorr    .         Harm     .   (no gloves)
MR       .....                  (no boots)
Stlth    ..........             (no amulet)
HPRegen  0.10/turn              (no ring)
MPRegen  0.09/turn              (no ring)

@: mighty
A: negative energy resistance 1, electricity resistance, unbreathing,
petrification resistance, rot immunity, AC +3
a: Depart the Abyss, Bend Space, Banish, Renounce Religion


You were on level 3 of the Dungeon.
You worshipped Lugonu.
Lugonu was most pleased with you.
You were hungry.

You visited 1 branch of the dungeon, and saw 3 of its levels.
You visited the Abyss 1 time.

You collected 49 gold pieces.

Inventory:

Hand Weapons
 a - a +1 mace (weapon)
Armour
 b - a +0 leather armour
 i - a +0 ring mail (worn)
 n - a +0 shield (worn)
Scrolls
 j - a scroll of enchant armour {unknown}
 k - 3 scrolls of identify {unknown}
Potions
 d - a potion of might
 e - a potion of lignification {unknown}
 f - a potion of mutation {unknown}
 h - a potion of curing {unknown}
 l - a potion of degeneration {unknown}
 m - a potion of agility {unknown}
Comestibles
 c - 7 rations
 g - 6 chunks of flesh


   Skills:
 + Level 4.8 Fighting
 + Level 3.7 Maces & Flails
 - Level 2.1 Armour
 - Level 0.7 Dodging
 - Level 2.0 Invocations


You had 3 spell levels left.
You didn't know any spells.

Dungeon Overview and Level Annotations

Branches:
Dungeon (3/15)

Altars:
Ashenzari
Cheibriados
Fedhas
Kikubaaqudgha
Ru

Annotations:
D:3 CasualChangeling's ghost, weakling GnWn


Innate Abilities, Weirdness & Mutations

You are resistant to torment.
Your stone body is resilient. (AC +3)
You are immune to poison.
You resist negative energy. (rN+)
You are resistant to electric shocks. (rElec)
You can survive without breathing.
You are immune to petrification.
You are immune to rotting.


Message History

You are feeling hungry.
You hit CasualChangeling's ghost but do no damage.
You block CasualChangeling's ghost's attack.
You hit CasualChangeling's ghost.
CasualChangeling's ghost barely misses you.
You completely miss CasualChangeling's ghost.
CasualChangeling's ghost hits you.
CasualChangeling's ghost says very slowly, "There's no hope."
You block CasualChangeling's ghost's attack.
You hit CasualChangeling's ghost but do no damage.
CasualChangeling's ghost hits you!
* * * LOW HITPOINT WARNING * * *
You closely miss CasualChangeling's ghost.
CasualChangeling's ghost barely misses you.
CasualChangeling's ghost hits you!
* * * LOW HITPOINT WARNING * * *
It was a potion of might.
You feel very mighty all of a sudden. CasualChangeling's ghost hits you!
You die...

#######
##.....###########
#........@........
#..###...W.###.##
########...######.#
........>.........#
#####..#.#.##..#..#
....#....#.###.#..#
.##.#.####.# #.#..#
.##.#.# #.###.....
.#..#.# #...##..###


You could see CasualChangeling's ghost.

Vanquished Creatures
  An orc wizard (D:3)
  An ufetubus (D:1)
  A worm (D:2)
  4 dart slugs
  3 leopard geckos (D:2)
  3 orcs (D:3)
  4 bats
  4 giant cockroaches
  10 goblins
  6 hobgoblins
  2 jackals (D:3)
  A quokka (D:3)
  2 frilled lizards
  6 kobolds
  10 rats
58 creatures vanquished.

Notes
Turn   | Place    | Note
-------+----------+-------------------------------------------
     0 | Abyss:1  | theswoord the Gargoyle Abyssal Knight began the quest for the Orb.
     0 | Abyss:1  | Reached XP level 1. HP: 14/14 MP: 2/2
    58 | D:1      | Escaped the Abyss
   341 | D:1      | Reached XP level 2. HP: 11/19 MP: 3/3
   912 | D:1      | Reached XP level 3. HP: 18/24 MP: 4/4
  1057 | D:1      | Reached ** piety under Lugonu
  1057 | D:1      | Reached skill level 4 in Fighting
  1511 | D:2      | Found a shattered altar of Ashenzari.
  1511 | D:2      | Found a sacrificial altar of Ru.
  1551 | D:2      | Reached XP level 4. HP: 25/30 MP: 5/5
  1569 | D:2      | Found an ancient bone altar of Kikubaaqudgha.
  1697 | D:2      | Found a blossoming altar of Fedhas.
  2151 | D:3      | Found a snail-covered altar of Cheibriados.
  2165 | D:3      | Reached *** piety under Lugonu
  2200 | D:3      | Noticed CasualChangeling's ghost (weakling GnWn)
  2213 | D:3      | HP: 1/30 [CasualChangeling's ghost (8)]
  2215 | D:3      | Mangled by CasualChangeling's ghost

Skill      XL: |  1  2  3 |
---------------+----------+-----
Fighting       | 4 |  4.8
Maces & Flails | 3 |  3.7
Armour         | |  2.1
Dodging        | |  0.7
Invocations    | |  2.0

Action                   |  1- 3 |  4- 6 || total
-------------------------+-------+-------++-------
Melee: Mace              |   120 |    79 ||   199
  Use: Scroll            |     4 |       ||     4
       Potion            |       |     1 ||     1
  Eat: Chunk             |     2 |     2 ||     4
Armor: Leather armour    |    23 |       ||    23
       Ring mail         |    37 |    44 ||    81
Dodge: Dodged            |    76 |    19 ||    95
Block: Shield            |    13 |    25 ||    38

Vault maps used:
D:1:      lemuel_arrival_lava_pool, kennysheep_boxes
D:2:      fedhas_altar_1, kiku_gazebo_garden_becter,
          amethyst_overflow_temple_binary, first_ration
D:3:      cheibriados_altar_1
